 Dungeon Crawl Stone Soup version 0.30.1-11-g7821555f0a (webtiles) character file.

Game seed: 16528683419636389844

342 lonewolfV2 the Chopper (level 6, 0/43 (51) HPs)
             Began as a Formicid Fighter on Dec 8, 2023.
             Slain by an orc
             ... wielding a +0 flail
              (5 damage)
             ... on level 4 of the Dungeon.
             The game lasted 00:04:15 (4081 turns).

lonewolfV2 the Chopper (Formicid Fighter)           Turns: 4081, Time: 00:04:15

HP:   0/43 (51)     AC:  6    Str: 20    XL:     6   Next: 88%
MP:   6/6           EV:  6    Int:  8    God:
Gold: 158           SH: 14    Dex: 15    Spells: 5/5 levels left

rFire   . . .        a - +0 war axe
rCold   . . .        l - +1 tower shield
rNeg    . . .        b - +0 scale mail
rPois   .            (helmet unavailable)
rElec   .            (no cloak)
rCorr   .            (no gloves)
SInv    +            (no boots)
Will    .....        (no amulet) Stlth
                     h - ring of flight
HPRegen 0.27/turn    (no ring)
MPRegen 0.10/turn

%: no passive effects
@: flying, heavily drained
A: permanent stasis, dig shafts and tunnels, antennae 3, four strong arms
a: Dig, Shaft Self


You were on level 4 of the Dungeon.
You visited 1 branch of the dungeon, and saw 4 of its levels.

You collected 158 gold pieces.

Inventory:

Hand Weapons
 a - a +0 war axe (weapon)
Armour
 b - a +0 scale mail (worn)
 l - a +1 tower shield (worn)
Jewellery
 h - a ring of flight (left hand)
Scrolls
 c - a scroll of identify
Potions
 d - a potion of attraction {unknown}
 e - a potion of haste
 f - 2 potions of mutation
 g - a potion of invisibility {unknown}
 i - 2 potions of lignification
 j - 2 potions of brilliance
 k - a potion of curing


   Skills:
 + Level 5.3 Fighting
 + Level 5.5 Axes
 - Level 3.2 Armour
 - Level 4.0 Shields


You had 5 spell levels left.
You didn't know any spells.
Your spell library contained the following spells:

 Spells                   Type           Power      Damage    Failure   Level
 Kiss of Death            Conj/Necr      0%         2d5       100%        1
 Confusing Touch          Hex            0%         N/A       100%        3
 Dispel Undead            Necr           0%         3d6       100%        4


Dungeon Overview and Level Annotations

Branches:
Dungeon (4/15)
 Temple: D:4-7

Altars:


Innate Abilities, Weirdness & Mutations

You cannot be hasted, slowed, berserked, paralysed or teleported.
You can dig through walls and to a lower floor.
You have a pair of large antennae on your head. (SInv)
Your four strong arms can wield two-handed weapons with a shield.


Message History

You hit the orc.
The orc is severely wounded.
You block the orc's attack. The orc hits you with a +0 club.
An orc is nearby!
You closely miss the orc.
The orc is heavily wounded.
The orc hits you with a +0 club.
An orc wizard comes into view. It is wielding a +0 dagger.
There are monsters nearby!
You closely miss the orc.
The orc is heavily wounded.
You block the orc's attack.
There are monsters nearby!
You slash the orc wizard!
The orc wizard is severely wounded.
You slash the orc wizard!
You kill the orc wizard!
You block the orc's attack.
You slash the orc!
You kill the orc!
An orc priest comes into view. It is wielding a +0 hand axe.
Items here: )) [[ ††.
The orc priest invokes the aid of Beogh against you.
Beogh smites you!
An orc priest is nearby!
An orc comes into view. It is wielding a +0 flail.
The orc shouts!
The orc priest calls down the wrath of Beogh upon you.
Pain shoots through your body! You block the orc priest's attack.
You block the orc's attack.
The orc priest calls down the wrath of Beogh upon you.
Pain shoots through your body!
* * * LOW HITPOINT WARNING * * *
You hit the orc.
The orc is lightly wounded.
You hit the orc priest but do no damage.
You block the orc priest's attack. The orc hits you but does no damage.
You block the orc priest's attack. The orc hits you with a +0 flail.
You die...

.##...<....##..#
....)#########.######
..##.#########.....[#
................##..#
.>.†#.........###..##
....#.........##...
....#.<.......##.####
....#.........)..o).#
....#.........##@##.#
....#.........##o# #
....#####.######.#
....# #. ..# ....# #
.## ....# #. .. .#


You could see an orc priest and an orc.

Vanquished Creatures
  Sigmund (D:2)
  Jessica (D:2)
  Terence (D:2)
  An orc wizard (D:4)
  2 adders (D:3)
  An ufetubus (D:4)
  A worm (D:2)
  A dart slug (D:1)
  2 orcs
  12 ball pythons
  9 endoplasms
  2 giant cockroaches
  9 goblins
  6 hobgoblins
  5 jackals
  3 quokkas
  4 bats (D:1)
  4 frilled lizards (D:1)
  4 kobolds
  3 rats (D:2)
72 creatures vanquished.

Notes
Turn   | Place    | Note
-------+----------+-------------------------------------------
     0 | D:1      | lonewolfV2 the Formicid Fighter began the quest for the
                  | Orb.
     0 | D:1      | Reached XP level 1. HP: 18/18 MP: 1/1
    47 | D:1      | Reached XP level 2. HP: 19/24 MP: 2/2
   240 | D:1      | Reached XP level 3. HP: 26/30 MP: 3/3
   578 | D:2      | Noticed Jessica
   589 | D:2      | Killed Jessica
   590 | D:2      | Reached XP level 4. HP: 30/37 MP: 4/4
   645 | D:2      | Noticed Terence
   645 | D:2      | Noticed Sigmund
   652 | D:2      | Killed Terence
   657 | D:2      | Killed Sigmund
   658 | D:2      | Reached skill level 5 in Fighting
   658 | D:2      | Reached skill level 5 in Axes
   658 | D:2      | Reached XP level 5. HP: 10/44 MP: 5/5
   658 | D:2      | Reached XP level 6. HP: 12/51 MP: 6/6
  3746 | D:3      | Found a faded altar of an unknown god.
  4081 | D:4      | Slain by an orc

Illustrated notes

Levels and vault maps discovered:
D:1:      ncdulo_halloftheorcs, layout_basic
D:2:      layout_basic, uniq_terence, uniq_jessica, uniq_sigmund
D:3:      layout_loops_ring, ebering_ecumenical_altar_mist
D:4:      layout_rooms, mainiacjoe_overflow_six_doors_small,
          overflow_temple_1_default, zin_statuary, grunt_ministairs_2,
          hangedman_decor_clover_reticule

Skill      XL: |  1  2  3  4 |
---------------+-------------+-----
Axes           | 3 5 |  5.5
Fighting       | 4 5 |  5.3
Armour         | |  3.2
Shields        | |  4.0

Action                     |  1- 3 |  4- 6 || total
---------------------------+-------+-------++-------
  Melee: War axe           |    87 |   116 ||   203
    Use: Potion            |       |     1 ||     1
         Scroll            |       |     9 ||     9
 Armour: Scale mail        |    39 |    43 ||    82
  Dodge: Dodged            |    58 |    19 ||    77
  Block: Buckler           |    29 |       ||    29
         Tower shield      |    10 |   110 ||   120
